 Dungeon Crawl Stone Soup version 0.17-a0-119-g2b06fc5 (webtiles) character file.

185 Ngotmuk the Cudgeler (level 5, -4/41 HPs)
             Began as a Human Fighter on Mar 21, 2015.
             Slain by Sigmund
             ... wielding a +0 scythe
              (10 damage)
             ... on level 4 of the Dungeon.
             The game lasted 00:07:00 (2141 turns).

Ngotmuk the Cudgeler (Human Fighter)                Turns: 2141, Time: 00:07:00

Health: -4/41      AC:  7    Str: 18    XL:     5   Next: 96%
Magic:  5/5        EV:  7    Int:  8    God:
Gold:   162        SH:  9    Dex: 12    Spells: 0 memorised, 4 levels left

rFire  x . .     SeeInvis .     a - +0 flail
rCold  + . .     Clarity  .     b - +0 scale mail
rNeg   . . .     SustAb   +     c - +0 shield
rPois  .         Gourm    .     r - +0 helmet
rElec  .         Spirit   .     (no cloak)
rCorr  .         Warding  .     (no gloves)
rMut   .         Stasis   .     (no boots)
MR     .....                    (no amulet)
Stlth  ..........               t - ring of ice
                                p - ring of sustain abilities

@: not resistant to hostile enchantments, extremely unstealthy
A: no striking features
a: no special abilities


You were on level 4 of the Dungeon.
You were not hungry.

You visited 1 branch of the dungeon, and saw 4 of its levels.

You collected 162 gold pieces.

Inventory:

Hand weapons
 a - a +0 flail (weapon)
Armour
 b - a +0 scale mail (worn)
 c - a +0 shield (worn)
 r - a +0 helmet (worn)
Jewellery
 p - a ring of sustain abilities (left hand)
 t - a ring of ice (right hand)
Scrolls
 g - 2 scrolls of recharging {unknown}
 i - a scroll of fear {unknown}
 k - 3 scrolls of remove curse
 l - 5 scrolls of identify {unknown}
 o - a scroll of magic mapping {unknown}
 q - 2 scrolls of blinking {unknown}
Potions
 e - 2 potions of might
 h - a potion of beneficial mutation {unknown}
 j - a potion of degeneration {unknown}
 m - a potion of heal wounds {unknown}
 n - 3 potions of restore abilities {unknown}
 s - a potion of agility {unknown}
Comestibles
 d - 3 bread rations
 f - a fruit


   Skills:
 - Level 3.0 Fighting
 + Level 5.7 Maces & Flails
 - Level 3.0 Armour
 - Level 3.0 Shields


You had 4 spell levels left.
You didn't know any spells.

Dungeon Overview and Level Annotations

Branches:
Dungeon (4/15)
 Temple: D:4-7

Altars:
The Shining One

Annotations:
D:4 Sigmund


Message History

Something tries to affect you, but you resist.
You see here a chain mail.
You see here an iguana corpse.
Something hits you!
* * * LOW HITPOINT WARNING * * *
You see here an iguana corpse.
Things that are here:
a spear; a gnoll corpse
There is an open door here.
Things that are here:
a club; a hobgoblin corpse You hear some strange, mumbled words.
You are confused.
Something hits you!
* * * LOW HITPOINT WARNING * * *
You bump into the metal wall.
Something completely misses you. Something hits you but does no damage.
You feel less confused. Something hits you!
You die...

####+### ###≈≈≈.≈≈##
##≈≈≈....≈≈########
##≈≈.......≈≈#...†.##
#≈≈....♣....≈#..##..##
##≈.........†{).#####.##
#≈≈..........≈#@# ##.##
#≈.....♣[....≈#.# #..#
##≈..........≈≈#.# #..#
.'...........≈##.# ##.##
.#≈....♣....≈≈#... #..#
.#≈≈.......≈≈##... #..#
.##≈≈....≈≈≈## ... ##.##
..##≈≈.≈≈≈### #.#..
##.### .. ###+#### # #.#
##..#


There were no monsters in sight!

Vanquished Creatures
  An iguana (D:4)
  Ijyb (D:3)
  Terence (D:3)
  6 adders
  A gnoll (D:4)
  A worm (D:3)
  A giant gecko (D:3)
  4 giant cockroaches
  5 hobgoblins
  3 jackals
  A quokka (D:2)
  5 bats
  5 giant newts
  9 goblins
  14 kobolds
  8 rats
66 creatures vanquished.

Notes
Turn   | Place    | Note
--------------------------------------------------------------
     0 | D:1      | Ngotmuk, the Human Fighter, began the quest for the Orb.
     0 | D:1      | Reached XP level 1. HP: 18/18 MP: 1/1
   112 | D:1      | Reached XP level 2. HP: 21/24 MP: 2/2
   475 | D:2      | Reached XP level 3. HP: 26/29 MP: 3/3
   683 | D:2      | Reached skill level 4 in Maces & Flails
   683 | D:2      | Reached XP level 4. HP: 12/35 MP: 4/4
  1275 | D:3      | Reached XP level 5. HP: 41/41 MP: 5/5
  1282 | D:3      | Noticed Terence
  1293 | D:3      | Killed Terence
  1305 | D:3      | Found a glowing golden altar of the Shining One.
  1647 | D:3      | Reached skill level 5 in Maces & Flails
  1786 | D:3      | Noticed Ijyb
  1801 | D:3      | Killed Ijyb
  2104 | D:4      | Noticed Sigmund
  2141 | D:4      | Slain by Sigmund

Action                   |  1- 3 |  4- 6 || total
-------------------------+-------+-------++-------
Melee: Flail             |   103 |    92 ||   195
  Use: Scroll            |     1 |       ||     1
  Eat: Pizza             |       |     1 ||     1
       Fruit             |       |     1 ||     1
       Beef jerky        |       |     1 ||     1
